 Dungeon Crawl Stone Soup version 0.30.1 (webtiles) character file.

Game seed: 13669190430714724299

642 Destapler the Grave Robber (level 7, 0/51 HPs)
             Began as a Demonspawn Necromancer on June 23, 2023.
             Was an Initiate of Ashenzari.
             Killed by divine providence
             ... invoked by an orc priest
              (11 damage)
             ... on level 5 of the Dungeon on July 1, 2023.
             The game lasted 00:39:49 (5118 turns).

Destapler the Grave Robber (Demonspawn Necromancer) Turns: 5118, Time: 00:39:49

Health: 0/51       AC:  4    Str:  8    XL:     7   Next: 26%
Magic:  2/13       EV: 12    Int: 19    God:    Ashenzari [......]
Gold:   126        SH:  0    Dex: 13    Spells: 9/14 levels left

rFire   . . .        a - +1 short sword (venom)
rCold   + . .        (no shield)
rNeg    . . .        f - +0 robe
rPois   .            (no helmet)
rElec   .            (no cloak)
rCorr   +            (no gloves)
SInv    .            l - +0 pair of boots
Will    .....        (no amulet)
Stlth   ++           g - ring of resist corrosion
HPRegen 0.28/turn    k - ring of protection from cold
MPRegen 0.13/turn

%: no passive effects
@: no status effects
A: spiny 2, sharp scales 1, mutation resistance 1
a: Renounce Religion, Curse Item


You were on level 5 of the Dungeon.
You worshipped Ashenzari.
Ashenzari was noncommittal.
You visited 1 branch of the dungeon, and saw 5 of its levels.
You also visited: Sewer.

You collected 174 gold pieces.
You spent 48 gold pieces at shops.

Inventory:

Hand Weapons
 a - a +1 short sword of venom (weapon)
 b - a +3 whip of freezing
Missiles
 n - 2 atropa-tipped darts
Armour
 f - a +0 robe (worn)
 l - a +0 pair of boots (worn)
Jewellery
 g - a ring of resist corrosion (left hand)
 k - a ring of protection from cold (right hand)
Wands
 o - a wand of paralysis (5)
Scrolls
 d - a scroll of enchant weapon
 e - a scroll of fog {unknown}
 j - 2 scrolls of teleportation
Potions
 c - a potion of magic
 h - a potion of flight {unknown}
 i - 2 potions of haste
 m - a potion of heal wounds
 p - a potion of might {unknown}
 q - a potion of curing
 t - a potion of berserk rage {unknown}


   Skills:
 + Level 2.4 Fighting
 + Level 2.4 Short Blades
 - Level 1.0 Maces & Flails
 - Level 1.0 Armour
 + Level 2.3 Dodging
 + Level 2.4 Stealth
 + Level 4.2 Spellcasting
 + Level 1.2 Hexes
 + Level 5.3 Necromancy
 + Level 1.0 Translocations
 - Level 2.0 Evocations


You had 9 spell levels left.
You knew the following spells:

 Your Spells              Type           Power      Damage    Failure   Level
a - Necrotise             Necr           96%        1d8       1%          1
b - Vampiric Draining     Necr           24%        2d7       4%          3
c - Slow                  Hex            32%        N/A       9%          1

Your spell library contained the following spells:

 Spells                   Type           Power      Damage    Failure   Level
 Lesser Beckoning         Tloc           14%        N/A       14%         2
 Ensorcelled Hibernation  Hex/Ice        12%        N/A       16%         2
 Animate Dead             Necr           24%        N/A       16%         4
 Passwall                 Tmut/Erth      3%         N/A       21%         2
 Confusing Touch          Hex            8%         N/A       24%         3
 Gell's Gravitas          Tloc           7%         N/A       26%         3
 Teleport Other           Tloc           7%         N/A       26%         3
 Anguish                  Hex/Necr       8%         N/A       34%         4
 Spider Form              Tmut/Pois      4%         N/A       38%         3
 Swiftness                Air            4%         N/A       38%         3
 Agony                    Necr           24%        N/A       38%         5


Dungeon Overview and Level Annotations

Branches:
Dungeon (5/15)              Sewer (visited)
 Temple: D:4-7

Altars:
Ashenzari
Fedhas
Hepliaklqana
Uskayaw

Shops:
D:5 *::!


Innate Abilities, Weirdness & Mutations

You are mostly covered in sharp spines.
You are partially covered in razor-sharp scales. (AC +1, Slay +1)
You are somewhat resistant to further mutation.


Message History

Casting: Necrotise (safe; 1% risk of failure)
Confirm with . or Enter, or press ? or * to list all spells.
You don't have enough magic to cast this spell.
Casting: Necrotise (safe; 1% risk of failure)
Confirm with . or Enter, or press ? or * to list all spells.
Aiming: Necrotise (safe; 1% risk of failure)
Press: ? - help, Shift-Dir - straight line, f - orc wizard
Aim: an orc wizard, wielding a +0 dagger and wearing a +0 robe (severely wounded, very poisoned, ally target, chance to affect: 83%)
The orc wizard writhes in agony.
You kill the orc wizard!
The dead are walking!
The orc priest hits you from afar with a +0 trident!
* * * LOW HITPOINT WARNING * * *
The orc priest is struck by your spines.
You kill the orc priest!
Training target 1.0 for Maces & Flails reached!
Your Maces & Flails skill increases to level 1!
Your Translocations skill increases to level 1!
Your gnoll skeleton hits the orc priest.
Okay, then.
What are your orders? t - Shout!
Orders for allies: a - Attack new target. r - Retreat! s - Stop attacking. g - Guard the area. f - Follow me.
Anything else - Cancel.
Gang up on whom?
Press: ? - help, Dir - move target, f - orc priest
Aim: an orc priest, wielding a +0 trident (lightly wounded, ally target) Attack!
The orc priest hits your gnoll skeleton with a +0 trident!
The orc priest hits your orc wizard skeleton with a +0 trident.
Your orc wizard skeleton hits the orc priest but does no damage.
The orc priest barely misses your orc wizard skeleton.
The orc priest looks encouraged for a moment.
Your orc wizard skeleton completely misses the orc priest.
Your orc wizard skeleton hits the orc priest.
The orc priest mumbles some strange prayers to Beogh against you.
Beogh smites you!
You die...

.#####............. .
#................ ......... ..
. #...#...........# #.......
... ................#
#........... .......)........#
#......#....
......)o).......###......#....
......)Z).....................
......##......................
...... #.....@.........<......
..... #......................
.....###......................
..............................
..............................
##.........................
#..........####...........
#..........# #......8.8..
#..........# #.......∩...


You could see an orc priest (ally target) and a friendly orc wizard skeleton.

Vanquished Creatures
  A phantom (D:4)
  2 hounds (D:4)
  3 jellies (Sewer)
  3 orc priests
  An orc wizard (D:5)
  7 gnolls (D:5)
  5 adders
  2 river rats (Sewer)
  2 shadow imps (D:3)
  3 worms
  2 dart slugs
  An orc (D:5)
  10 endoplasms
  10 giant cockroaches
  7 goblins
  3 hobgoblins
  7 jackals
  4 quokkas
  10 ball pythons
  3 bats
  5 frilled lizards
  13 kobolds
  9 rats
113 creatures vanquished.

Vanquished Creatures (collateral kills)
  An orc priest (D:3)
  A river rat (Sewer)
  A jackal (D:1)
  2 frilled lizards
5 creatures vanquished.

Grand Total: 118 creatures vanquished

Notes
Turn   | Place    | Note
-------+----------+-------------------------------------------
     0 | D:1      | Destapler the Demonspawn Necromancer began the quest for
                  | the Orb.
     0 | D:1      | Reached XP level 1. HP: 13/13 MP: 3/3
   221 | D:1      | Gained mutation: You are partially covered in razor-sharp
                  | scales. (AC +1, Slay +1) [demonic ancestry]
   221 | D:1      | Reached XP level 2. HP: 19/19 MP: 3/5
   654 | D:1      | Reached XP level 3. HP: 22/25 MP: 0/6
   923 | D:2      | Learned a level 3 spell: Vampiric Draining
   933 | D:2      | Upgraded the game from 0.30.0-29-ga12c61a403 to 0.30.1
  1086 | D:2      | Found a faded altar of an unknown god.
  1162 | D:2      | Prayed at the altar of an unknown god.
  1162 | D:2      | Became a worshipper of Ashenzari the Shackled
  1217 | D:2      | Reached skill level 1 in Fighting
  1379 | D:2      | Reached skill level 1 in Short Blades
  1675 | D:2      | Reached XP level 4. HP: 28/32 MP: 3/8
  2193 | D:3      | Found a transporter.
  2211 | D:3      | Found a transporter.
  2266 | D:3      | Reached skill level 5 in Necromancy
  2266 | D:3      | Reached XP level 5. HP: 31/38 MP: 2/10
  3142 | D:4      | Reached skill level 1 in Evocations
  3208 | D:4      | Found a faded altar of an unknown god.
  3208 | D:4      | Found a faded altar of an unknown god.
  3214 | D:4      | Found a hazy altar of Hepliaklqana.
  3214 | D:4      | Noticed a phantom
  3246 | D:4      | Found a glowing drain.
  3303 | D:4      | HP: 1/57 [phantom (3)]
  3487 | Sewer    | Entered a sewer
  3633 | Sewer    | Gained mutation: You are partially covered in sharp spines.
                  | [demonic ancestry]
  3633 | Sewer    | Reached XP level 6. HP: 44/44 MP: 9/12
  3827 | Sewer    | Learned a level 1 spell: Slow
  3829 | Sewer    | Found a viscous altar of Jiyva.
  4865 | D:4      | Found a hide-covered altar of Uskayaw.
  4867 | D:4      | Found a blossoming altar of Fedhas.
  4955 | D:4      | Gained mutation: You are somewhat resistant to further
                  | mutation. [potion of mutation]
  4995 | D:5      | Entered Level 5 of the Dungeon
  4995 | D:5      | Found Otzumi Memu's Book Boutique.
  4995 | D:5      | Found Ozxa's Book Boutique.
  4995 | D:5      | Found Xurec's Assorted Antiques.
  5040 | D:5      | Found Zile's Distillery.
  5052 | D:5      | Bought a potion of degeneration for 12 gold pieces
  5052 | D:5      | Bought a potion of curing for 36 gold pieces
  5085 | D:5      | Gained mutation: You are mostly covered in sharp spines.
                  | [demonic ancestry]
  5085 | D:5      | Reached XP level 7. HP: 34/50 MP: 0/13
  5099 | D:5      | Reached skill level 1 in Hexes
  5100 | D:5      | Reached skill level 1 in Armour
  5110 | D:5      | Reached skill level 1 in Maces & Flails
  5110 | D:5      | Reached skill level 1 in Translocations
  5118 | D:5      | Killed from afar by an orc priest

Illustrated notes

Levels and vault maps discovered:
D:1:      eino_arrival_water_star, layout_rooms, grunt_decor_fettered,
          minmay_cupped
D:2:      layout_loops_ring, shapermc_ecumenical_altar_mp_vishouse,
          serial_bayou_pond_e
D:3:      gammafunk_wand_slinger, layout_basic
D:4:      layout_loops_ring, chequers_temple_overflow_minitemple,
          portal_sewer_entry_d
D:5:      layout_basic, serial_shops, shop, nicolae_shop_tiny_statue_garden,
          nicolae_shop_distant_corner_stores, uniq_edmund

Skill      XL: |  1  2  3  4  5  6  7 |
---------------+----------------------+-----
Stealth        | 2 |  2.4
Dodging        | 2 |  2.3
Fighting       | 1 2 |  2.4
Short Blades   | 1 2 |  2.4
Spellcasting   | 3 4 |  4.2
Necromancy     | 5 |  5.3
Evocations     | 1 2 |  2.0
Hexes          | 1 |  1.2
Armour         | 1 |  1.0
Maces & Flails | 1 |  1.0
Translocations | 1 |  1.0

Action                     |  1- 3 |  4- 6 |  7- 9 || total
---------------------------+-------+-------+-------++-------
  Melee: Dagger            |    54 |    58 |       ||   112
         Unarmed           |     1 |       |       ||     1
         Punch             |       |     1 |       ||     1
         Whip              |       |     6 |       ||     6
         Short sword       |       |       |     8 ||     8
   Fire: Sling             |       |    12 |       ||    12
  Throw: Stone             |       |     8 |       ||     8
         Dart              |       |     1 |       ||     1
   Cast: Necrotise         |    60 |   115 |     6 ||   181
         Slow              |       |     3 |       ||     3
         Vampiric Draining |       |     1 |     3 ||     4
    Use: Scroll            |       |    10 |       ||    10
         Potion            |       |     5 |     1 ||     6
   Stab: Sleeping          |     5 |     3 |       ||     8
 Armour: Robe              |    18 |     8 |     5 ||    31
         Skin              |       |    23 |       ||    23
  Dodge: Dodged            |    45 |    41 |    18 ||   104
